 Dungeon Crawl Stone Soup version 0.29.1-1-gd02db6906a (webtiles) character file.

Game seed: 11708707827961302986

183849 Ijustatesigmund the Warrior (level 18, -4/124 HPs)
             Began as a Gargoyle Fighter on Sept 19, 2022.
             Was the Champion of Cheibriados.
             Slain by a naga warrior
             ... wielding a +0 trident of freezing
              (54 damage)
             ... on level 3 of the Snake Pit on Sept 20, 2022.
             The game lasted 01:18:01 (33942 turns).

Ijustatesigmund the Warrior (Gargoyle Fighter)     Turns: 33942, Time: 01:18:02

Health: -4/124     AC:  0    Str: 40    XL:     18   Next: 0%
Magic:  27/33      EV: 26    Int: 31    God:    Cheibriados [******]
Gold:   1653       SH:  0    Dex: 24    Spells: 15/17 levels left

rFire   . . .      SeeInvis .   (weapon currently unavailable)
rCold   . . .      Faith    .   (shield currently unavailable)
rNeg    + + .      Spirit   .   (body armour currently unavailable)
rPois   ∞          Reflect  .   (helmet currently unavailable)
rElec   +          Harm     .   (cloak currently unavailable)
rCorr   .          Rampage  .   (gloves currently unavailable)
Will    +....                   (boots currently unavailable)
Stlth   ++........              f - amulet "Pesaxih" {Acrobat rElec rN+ Int+4}
HPRegen 0.30/turn               (ring currently unavailable)
MPRegen 0.23/turn               (ring currently unavailable)

@: mighty, pig-form, invisible, very slow
A: fast, no casting, sickness immunity, AC +13, small, (big wings), negative
energy resistance 1, (electricity resistance), torment resistance 1,
petrification resistance, high MP 1
}: 1/15 runes: decaying
a: Renounce Religion, Bend Time, Temporal Distortion, Slouch, Step From Time


You were on level 3 of the Snake Pit.
You worshipped Cheibriados.
Cheibriados was exalted by your worship.
You were a filthy swine.
You visited 7 branches of the dungeon, and saw 29 of its levels.
You also visited: Gauntlet and Volcano.

You collected 3025 gold pieces.
You spent 1372 gold pieces at shops.

Inventory:

Hand Weapons
 a - a +9 demon whip of electrocution (melded)
Missiles
 y - 3 throwing nets (quivered)
Armour
 b - a +3 chain mail of fire resistance (melded)
 c - a +1 buckler of protection (melded)
 d - the +1 pair of boots of Greed (melded) {+Blink Dex+2}
   (You found it on level 8 of the Dungeon)

   Dex:       It affects your dexterity (+2).
   +Blink:    It lets you blink.
 p - a +2 cloak (melded)
 u - +0 acid dragon scales
 w - a +1 pair of gloves of strength (melded)
 N - a +1 helmet of intelligence (melded)
Jewellery
 f - the amulet "Pesaxih" (around neck) {Acrobat rElec rN+ Int+4}
   (You bought it in a shop on level 2 of the Snake Pit)

   [amulet of the acrobat]

   It increases your evasion while moving and waiting.
   Int:       It affects your intelligence (+4).
   rElec:     It insulates you from electricity.
   rN:        It protects you from negative energy.
 v - a ring of protection from fire
 z - a ring of magical power
 L - a ring of fire
 M - a +4 ring of evasion (melded)
 R - a ring of positive energy
 T - a ring of protection from fire
 Y - a +4 ring of slaying (melded)
Wands
 k - a wand of digging (4)
 q - a wand of acid (21)
 t - a wand of paralysis (44)
 B - a wand of mindburst (5)
 D - a wand of polymorph (3)
 H - a wand of roots (24)
Scrolls
 g - 4 scrolls of blinking
 x - 4 scrolls of fog
 A - 4 scrolls of amnesia
 C - a scroll of poison
 F - 4 scrolls of magic mapping
 I - a scroll of summoning
 J - a scroll of fear
 K - 8 scrolls of identify
 S - a scroll of silence
 V - a scroll of enchant weapon
 Z - a scroll of torment
Potions
 e - 9 potions of curing
 h - 4 potions of mutation
 i - 5 potions of haste
 j - 5 potions of lignification
 l - 5 potions of might
 m - 2 potions of heal wounds
 n - 2 potions of resistance
 o - 3 potions of flight
 s - 6 potions of brilliance
 E - a potion of cancellation
 G - a potion of attraction
 O - 2 potions of berserk rage
 Q - a potion of ambrosia
 W - a potion of magic
Miscellaneous
 P - a condenser vane
 X - a phantom mirror


   Skills:
 - Level 17.7 Fighting
 - Level 12.1 Maces & Flails
 - Level 13.3 Armour
 + Level 12.2 Dodging
 - Level 5.0 Shields
 - Level 2.6 Transmutations
 - Level 4.0 Earth Magic
 + Level 17.6 Invocations
 - Level 10.1 Evocations


You had 15 spell levels left.
You knew the following spells:

 Your Spells              Type           Power      Damage    Failure   Level
a - Passwall              Tmut/Erth      16%        N/A       3%          2

Your spell library contained the following spells:

 Spells                   Type           Power      Damage    Failure   Level
 Magic Dart               Conj           0%         1d3       9%          1
 Ensorcelled Hibernation  Hex/Ice        0%         N/A       14%         2
 Searing Ray              Conj           0%         2d4       14%         2
 Ignite Poison            Fire/Tmut/Pois 5%         N/A       19%         3
 Petrify                  Tmut/Erth      20%        N/A       22%         4
 Conjure Flame            Conj/Fire      0%         6-21      26%         3
 Dazzling Flash           Conj/Hex       0%         N/A       26%         3
 Inner Flame              Hex/Fire       0%         N/A       26%         3
 Swiftness                Air            0%         N/A       26%         3
 Tukima's Dance           Hex            0%         N/A       26%         3
 Animate Armour           Summ/Erth      24%        N/A       36%         4
 Lee's Rapid Deconstruct  Erth           12%        3d9*      43%         5
 Blade Hands              Tmut           8%         N/A       63%         5
 Cause Fear               Hex            0%         N/A       65%         4
 Fulminant Prism          Conj/Hex       0%         3d6       65%         4
 Iskenderun's Mystic Bla  Conj/Tloc      0%         2d3       65%         4
 Passage of Golubria      Tloc           0%         N/A       65%         4
 Sticky Flame             Conj/Fire      0%         2d3       65%         4
 Summon Lightning Spire   Summ/Air       0%         N/A       65%         4
 Yara's Violent Unravell  Hex/Tmut       4%         3d4       82%         5
 Metabolic Englaciation   Hex/Ice        0%         N/A       94%         5
 Summon Forest            Summ/Tloc      0%         N/A       94%         5
 Summon Mana Viper        Hex/Summ       0%         N/A       94%         5
 Iron Shot                Conj/Erth      6%         9d2       99%         6
 Starburst                Conj/Fire      0%         6d3       100%        6
 Summon Cactus Giant      Summ           0%         N/A       100%        6
 Storm Form               Tmut/Air       4%         N/A       100%        7
 Discord                  Hex            0%         N/A       100%        8
 Ignition                 Fire           0%         3d3       100%        8
 Maxwell's Capacitive Co  Air            0%         ∞         100%        8
 Statue Form              Tmut/Erth      Unusable   N/A       N/A         6

Dungeon Overview and Level Annotations

Branches:
Dungeon (13/15)            Temple (1/1) D:7            Lair (5/5) D:8
  Swamp (4/4) Lair:3        Snake (3/4) Lair:2        Slime (0/5) Lair:4
    Orc (2/2) D:12            Elf (1/3) Orc:2        Vaults (0/5) D:13
Volcano (visited)         Gauntlet (visited)

Altars:
Ashenzari
Cheibriados
Dithmenos
Elyvilon
Fedhas
Gozag
Hepliaklqana
Kikubaaqudgha
Makhleb
Nemelex Xobeh
Okawaru
Qazlal
Ru
Sif Muna
Trog
Uskayaw
Vehumet
Wu Jian
Xom
Yredelemnul
Zin
The Shining One
Jiyva

Shops:
Orc:1 *   Orc:2 !!*:   Snake:2 [!(=(

Annotations:
D:7 2 runed translucent doors, exclusion: orange crystal statue
D:11 exclusion: obsidian statue
Snake:3 Kirke, Vashnia


Innate Abilities, Weirdness & Mutations

You are a filthy swine.
You move quickly.
Your equipment is almost entirely melded.
You are incapable of wielding weapons or throwing items.
You cannot cast spells.
You are immune to sickness and miasma.
((Your stone body is resilient. (AC +13)))
You are immune to poison.
((Your large and strong wings let you fly.))
You resist negative energy. (rN+)
((You are resistant to electric shocks. (rElec)))
You are resistant to unholy torment.
You are immune to petrification.
You have an increased reservoir of magic. (+10% MP)


Message History

The shock serpent is engulfed in poison gas.
The shock serpent looks as sick as possible!
The hog looks as sick as possible!
Activating: Slouch (0% risk of failure)
Press: ? - help, Dir - look around, f - activate You can feel time thicken for a moment.
You kill the shock serpent!
Cheibriados thoroughly appreciates the change of pace.
You kill the black mamba!
Cheibriados thoroughly appreciates the change of pace.
You kill the hog!
Cheibriados appreciates the change of pace.
You kill the black mamba!
Cheibriados thoroughly appreciates the change of pace.
You kill the hog!
Cheibriados appreciates the change of pace.
You kill the hog!
Cheibriados thoroughly appreciates the change of pace.
You kill the hog!
Cheibriados appreciates the change of pace.
Kirke is engulfed in poison gas.
Kirke looks as sick as possible!
Kirke barely misses you.
The salamander is engulfed in poison gas.
The salamander is poisoned.
The salamander wields a +0 shortbow of flaming.
It bursts into flame!
The salamander shoots an arrow.
The arrow barely misses the naga warrior.
The arrow completely misses you.
You hear an angry hiss.
You have reached level 18!
You maul Kirke!!
Kirke is severely wounded.
A black mamba comes into view.
Kirke is engulfed in poison gas.
Kirke looks as sick as possible!
Kirke barely misses you.
Unknown command.
You barely miss Kirke.
Kirke is severely wounded.
The naga warrior hits you from afar with a +0 trident of freezing!!!
You die...

..............
..☼○°○§☼§°○.N
..☼§☼○☼○☼S†.
..☼§.☼☼°○§N#
..°§.☼.§.§§#
..☼○.○○☼§.☼#
..§°§§†§°N○#
..°.○○§.@☼○###
....§°°NNh§○○#
..○§§§°○○☼§#§#
############


You could see Kirke (extremely poisoned), 2 naga warriors, a salamander (strong,
unable to see you, poisoned), a black mamba (wandering, unable to see you) and a
naga (strong).

Vanquished Creatures
  Saint Roka (Orc:2)
  Mlioglotl (Swamp:2)
  A fenstrider witch (Swamp:4)
  Aizul (Snake:3)
  A quicksilver ooze (Gauntlet)
  A stone giant (Orc:2)
  3 eleionomae
  Azrael (Snake:2)
  A minotaur (Gauntlet)
  4 bunyips
  The ghost of RKaid the Markstengu, a journeyman TeHu of Hepliaklqana (Lair:5)
  3 boulder beetles
  A salamander tyrant (Snake:2)
  3 shambling mangroves
  2 ogre magi
  A catoblepas (Lair:4)
  Erolcha (D:11)
  5 naga warriors
  Erica (Lair:2)
  3 ghost crabs
  4 anacondas
  24 hydras
  11 two-headed ogres
  A merfolk avatar (Lair:5)
  16 alligators
  11 death yaks
  A centaur warrior (D:13)
  A tengu warrior (D:13)
  5 shock serpents
  Urug (D:10)
  8 naga sharpshooters
  Sonja (Orc:2)
  5 goliath frogs
  2 deep trolls (Elf:1)
  A deep elf archer (Volcano)
  4 spriggan druids
  A sea snake (Lair:5)
  12 swamp dragons
  4 bog bodies
  A harpy (Lair:5)
  2 orc knights
  3 naga ritualists
  10 deep elf pyromancers
  An orc sorcerer (Orc:2)
  2 deep elf zephyrmancers (Elf:1)
  6 cyclopes
  5 oklob plants (Lair:4)
  2 ugly things (D:13)
  2 large abominations (Gauntlet)
  4 salamanders (Snake:2)
  4 will-o-the-wisps
  4 manticores
  A mana viper (Snake:3)
  22 black mambas
  2 guardian serpents
  3 naga magi
  5 elephants (Lair:5)
  A torpor snail (Lair:3)
  2 gargoyles
  Maurice (D:11)
  3 kobold demonologists
  11 cane toads
  3 centaur skeletons (D:13)
  7 rime drakes
  8 komodo dragons
  An unseen horror (D:11)
  5 yaktaurs (D:13)
  A tengu conjurer (D:13)
  10 trolls
  A troll (shapeshifter) (D:13)
  11 hornets
  3 wind drakes (Lair:5)
  2 polar bears
  8 tyrant leeches
  19 blink frogs
  3 slime creatures (D:12)
  A snapping turtle (Lair:5)
  Sigmund (D:2)
  5 shadows
  8 spriggans
  37 yaks
  8 wyverns
  4 basilisks
  5 fire elementals
  6 hogs (Snake:3)
  3 wraiths
  A steam dragon (D:9)
  6 vampire mosquitoes
  4 wargs
  13 nagas
  12 swamp worms
  A two-headed ogre zombie (D:12)
  4 acid dragons
  7 hell hounds
  18 orc warriors
  7 water moccasins
  4 black bears
  10 swamp drakes
  An ice beast (D:7)
  2 sky beasts (D:7)
  3 wolves (Lair:1)
  4 centaurs
  22 ogres
  3 phantoms
  7 kobold brigands
  14 bullfrogs
  2 scorpions (D:5)
  6 wights
  A troll zombie (D:12)
  30 killer bees
  2 electric eels
  4 small abominations (Gauntlet)
  8 howler monkeys
  3 jellies
  Crazy Yiuf (D:3)
  3 iguanas
  22 orc priests
  3 gnoll boudas
  10 hounds
  Ijyb (D:3)
  29 orc wizards
  Terence (D:3)
  A boggart skeleton (D:13)
  6 ogre zombies (D:12)
  7 adders
  21 gnolls
  2 white imps
  4 ufetubi
  3 worms
  2 dart slugs (D:1)
  63 orcs
  4 endoplasms
  2 giant cockroaches
  3 goblins
  10 hobgoblins
  7 jackals (D:5)
  7 quokkas
  4 ball pythons
  2 bats
  2 frilled lizards
  A goblin skeleton (D:12)
  A goblin zombie (D:12)
  2 hobgoblin zombies (D:12)
  21 kobolds
  3 orc skeletons (D:12)
  18 orc zombies (D:12)
  5 rats
  A butterfly (Lair:2)
877 creatures vanquished.

Vanquished Creatures (others)
  A thorn hunter (Swamp:4)
  A skeletal warrior (D:13)
  3 bloated husks
  A spriggan (Swamp:1)
  A swamp worm (Swamp:1)
  A kobold brigand (D:13)
  4 briar patches (Swamp:4)
  A bush (Lair:5)
  30 foxfires
  16 fungi
  133 plants
192 creatures vanquished.

Grand Total: 1069 creatures vanquished

Notes
Turn   | Place    | Note
-------+----------+-------------------------------------------
     0 | D:1      | Ijustatesigmund the Gargoyle Fighter began the quest for
                  | the Orb.
     0 | D:1      | Reached XP level 1. HP: 14/14 MP: 1/1
   357 | D:1      | Reached XP level 2. HP: 19/19 MP: 2/2
   553 | D:1      | Found a faded altar of an unknown god.
   990 | D:2      | Reached XP level 3. HP: 23/24 MP: 3/3
  1392 | D:2      | Noticed Sigmund
  1394 | D:2      | Reached XP level 4. HP: 36/36 MP: 4/4
  1402 | D:2      | Killed Sigmund
  1403 | D:2      | Reached XP level 5. HP: 25/41 MP: 5/5
  1403 | D:2      | Reached XP level 6. HP: 28/47 MP: 6/6
  2019 | D:3      | Noticed Terence
  2023 | D:3      | Killed Terence
  2332 | D:3      | Noticed Ijyb
  2339 | D:3      | Killed Ijyb
  2391 | D:3      | Found a runed translucent door.
  2392 | D:3      | Noticed Crazy Yiuf
  2397 | D:3      | Killed Crazy Yiuf
  3060 | D:3      | Reached skill level 1 in Dodging
  3168 | D:4      | Reached XP level 7. HP: 51/51 MP: 7/7
  3301 | D:4      | Found a shadowy altar of Dithmenos.
  3841 | D:5      | Entered Level 5 of the Dungeon
  3844 | D:5      | Noticed a two-headed ogre
  3905 | D:5      | Identified the +0 robe "Losuezi" {Regen+ Int-5 Slay+3 SInv}
  3983 | D:5      | Found a hide-covered altar of Uskayaw.
  4242 | D:5      | Reached XP level 8. HP: 52/56 MP: 8/8
  4358 | D:5      | Noticed a hornet
  4365 | D:5      | Killed a hornet
  4366 | D:5      | Reached skill level 5 in Armour
  4366 | D:5      | Reached skill level 5 in Shields
  4915 | D:5      | Reached skill level 10 in Fighting
  4988 | D:5      | Reached XP level 9. HP: 60/62 MP: 9/9
  5509 | D:6      | Reached skill level 1 in Evocations
  6299 | D:6      | Noticed a kobold demonologist
  6323 | D:6      | Killed a kobold demonologist
  6842 | D:6      | Found a burning altar of Makhleb.
  6842 | D:6      | Found a faded altar of an unknown god.
  6850 | D:6      | Found a faded altar of an unknown god.
  6852 | D:6      | Found a shimmering blue altar of Sif Muna.
  6854 | D:6      | Found an ornate altar of the Wu Jian Council.
  7003 | D:6      | Reached XP level 10. HP: 52/68 MP: 10/10
  7198 | D:7      | Found the +10 tower shield of Ignorance {rN+ Int-4}
  7198 | D:7      | Found a runed translucent door.
  7200 | D:7      | Noticed an orange crystal statue
  7395 | D:7      | Found a runed translucent door.
  7732 | D:7      | Reached skill level 10 in Maces & Flails
  8136 | D:7      | Found a staircase to the Ecumenical Temple.
  8142 | Temple   | Entered the Ecumenical Temple
  8149 | Temple   | Became a worshipper of Cheibriados the Contemplative
  8326 | D:8      | Reached skill level 1 in Invocations
  8553 | D:8      | Noticed a death yak
  8554 | D:8      | Noticed a death yak
  8555 | D:8      | Noticed a death yak
  8567 | D:8      | Noticed a death yak
  8568 | D:8      | Killed a death yak
  8568 | D:8      | Noticed a death yak
  8573 | D:8      | Killed a death yak
  8573 | D:8      | Noticed a death yak
  8578 | D:8      | Killed a death yak
  8578 | D:8      | Reached * piety under Cheibriados
  8579 | D:8      | Reached XP level 11. HP: 32/76 MP: 13/13
  8581 | D:8      | Killed a death yak
  8583 | D:8      | Killed a death yak
  8584 | D:8      | Killed a death yak
  8585 | D:8      | Reached skill level 5 in Invocations
  8817 | D:8      | Found a staircase to the Lair.
  8834 | D:8      | Identified the +1 pair of boots of Greed {+Blink Dex+2}
  9008 | D:8      | Reached ** piety under Cheibriados
  9082 | D:8      | Noticed a two-headed ogre
  9256 | D:8      | Killed a two-headed ogre
  9453 | D:8      | Got the Precepts of Fire
  9567 | D:8      | Learned a level 2 spell: Passwall
  9882 | D:9      | Found a white marble altar of Elyvilon.
  9940 | D:9      | Reached skill level 1 in Earth Magic
 10265 | D:9      | Found a bloodstained altar of Trog.
 10417 | D:9      | Reached skill level 1 in Transmutations
 10706 | D:9      | Gained mutation: You have an increased reservoir of magic.
                  | (+10% MP) [potion of mutation]
 10706 | D:9      | Gained mutation: You have a considerably increased
                  | reservoir of magic. (+20% MP) [potion of mutation]
 10706 | D:9      | Lost mutation: You have a considerably increased reservoir
                  | of magic. (+20% MP) [potion of mutation]
 10706 | D:9      | Gained mutation: Your large and strong wings let you fly.
                  | [potion of mutation]
 10732 | D:10     | Entered Level 10 of the Dungeon
 10733 | D:10     | Noticed a two-headed ogre
 10742 | D:10     | Killed a two-headed ogre
 10742 | D:10     | Reached *** piety under Cheibriados
 11469 | D:11     | Noticed Urug
 11469 | D:11     | Noticed a two-headed ogre
 11480 | D:10     | Killed Urug
 11481 | D:10     | Reached XP level 12. HP: 65/84 MP: 18/18
 11566 | D:11     | Noticed Erolcha
 11572 | D:11     | Killed Erolcha
 11973 | D:11     | Identified a scroll of acquirement
 11973 | D:11     | Acquired a +6 demon whip of electrocution
 12598 | D:11     | Noticed Maurice
 12606 | D:11     | Paralysed by something for 3 turns
 12613 | D:11     | Killed Maurice
 12613 | D:11     | Reached **** piety under Cheibriados
 12686 | D:11     | Killed a two-headed ogre
 13155 | D:12     | Reached skill level 5 in Evocations
 13293 | D:12     | Noticed a boulder beetle
 13303 | D:12     | Killed a boulder beetle
 13374 | D:12     | Found a staircase to the Orcish Mines.
 13863 | D:12     | Noticed a seven-headed hydra
 13869 | D:12     | Killed a seven-headed hydra
 13875 | D:12     | Reached ***** piety under Cheibriados
 14402 | D:13     | Noticed a tengu warrior
 14406 | D:13     | Killed a tengu warrior
 14425 | D:13     | Reached XP level 13. HP: 89/89 MP: 21/21
 15935 | D:13     | Found a gate to the Vaults.
 16122 | Lair:1   | Entered Level 1 of the Lair of Beasts
 16585 | Lair:1   | Identified the +2 leather armour of Bedevilment {Will++}
 17266 | Lair:2   | Noticed Erica
 17271 | Lair:2   | Killed Erica
 17290 | Lair:2   | Found a gate leading to a gauntlet.
 17299 | Gauntlet | Entered a Gauntlet
 17299 | Gauntlet | Found a transporter.
 17300 | Gauntlet | Noticed a quicksilver ooze
 17302 | Gauntlet | Found a transporter.
 17302 | Gauntlet | Noticed a cacodemon
 17337 | Gauntlet | Found a transporter.
 17340 | Gauntlet | Noticed a quicksilver ooze
 17356 | Gauntlet | Found a transporter.
 17356 | Gauntlet | Found a transporter.
 17364 | Gauntlet | Killed a quicksilver ooze
 17476 | Gauntlet | Found a transporter.
 17481 | Gauntlet | Reached skill level 10 in Invocations
 17684 | Gauntlet | Identified the +5 long sword of the Elven Halls {venom, rF+
                  | rC+ Int+4}
 17684 | Gauntlet | Noticed a minotaur
 17696 | Gauntlet | Killed a minotaur
 17941 | Lair:2   | Found a staircase to the Snake Pit.
 18606 | Lair:3   | Mutation became permanent: Your large and strong wings let
                  | you fly. [Gargoyle growth]
 18606 | Lair:3   | Gained mutation: Your large and strong wings let you fly.
                  | [Gargoyle growth]
 18606 | Lair:3   | Reached XP level 14. HP: 96/96 MP: 23/23
 18609 | Lair:3   | Reached skill level 15 in Fighting
 18784 | Lair:3   | Reached ****** piety under Cheibriados
 19384 | Lair:3   | Found a staircase to the Swamp.
 19486 | Lair:4   | Found the +3 giant club "Skullcrusher" {speed, Str+7}
 19869 | Lair:4   | Found a staircase to the Slime Pits.
 19869 | Lair:4   | Found a viscous altar of Jiyva.
 20781 | Lair:5   | Entered Level 5 of the Lair of Beasts
 20813 | Lair:5   | Found a runed translucent door.
 20813 | Lair:5   | Noticed RKaid's ghost (journeyman TeHu)
 20937 | Lair:5   | Reached skill level 10 in Armour
 21800 | Lair:5   | Reached XP level 15. HP: 86/104 MP: 26/26
 22092 | Lair:5   | Identified the +7 trident of Woimim {freeze, *Rage rC-
                  | rN+++ Stlth+}
 22657 | Lair:5   | Killed RKaid's ghost
 23015 | Orc:1    | Entered Level 1 of the Orcish Mines
 23017 | Orc:1    | Found Qajiudomur's Overcharged Wands.
 23112 | Orc:1    | Found a dark tunnel.
 23120 | Volcano  | Entered a volcano
 24043 | Orc:2    | Entered Level 2 of the Orcish Mines
 24172 | Orc:2    | Noticed Saint Roka
 24187 | Orc:2    | Found Fienuote's Book Emporium.
 24187 | Orc:2    | Found Bawyozau's Distillery.
 24187 | Orc:2    | Found Socafax's General Store.
 24187 | Orc:2    | Noticed Sonja
 24189 | Orc:2    | Killed Sonja
 24193 | Orc:2    | Found Virumire's Distillery.
 24197 | Orc:2    | Found a staircase to the Elven Halls.
 24201 | Elf:1    | Entered Level 1 of the Elven Halls
 24206 | Elf:1    | Reached skill level 10 in Evocations
 25384 | Orc:2    | Paralysed by an ogre mage for 4 turns
 25614 | Orc:2    | Killed Saint Roka
 25808 | Orc:2    | Bought 2 potions of might for 96 gold pieces
 25808 | Orc:2    | Bought a potion of cancellation for 96 gold pieces
 25819 | Orc:2    | Bought a potion of berserk rage for 85 gold pieces
 25819 | Orc:2    | Bought a potion of heal wounds for 85 gold pieces
 26333 | Swamp:1  | Entered Level 1 of the Swamp
 26537 | Swamp:1  | Reached XP level 16. HP: 111/112 MP: 28/28
 27876 | Swamp:2  | Noticed Mlioglotl
 27889 | Swamp:2  | Killed Mlioglotl
 28367 | Swamp:2  | Acquired a manual of Dodging
 29422 | Swamp:3  | Reached skill level 5 in Dodging
 29773 | Swamp:3  | Reached skill level 15 in Invocations
 30102 | Swamp:4  | Entered Level 4 of the Swamp
 30354 | Swamp:4  | Noticed a thorn hunter
 30379 | Swamp:4  | Killed a thorn hunter
 30380 | Swamp:4  | Reached XP level 17. HP: 81/119 MP: 31/31
 30411 | Swamp:4  | Paralysed by a fenstrider witch for 3 turns
 31069 | Swamp:4  | Got a decaying rune of Zot
 31427 | Snake:1  | Entered Level 1 of the Snake Pit
 31601 | Snake:1  | Reached skill level 10 in Dodging
 32376 | Snake:2  | Found Tiwk's Weapon Emporium.
 32376 | Snake:2  | Found Dyepp's Jewellery Shop.
 32383 | Snake:2  | Found Hooluxa's Distillery.
 32386 | Snake:2  | Found Xanaler's Armour Shop.
 32392 | Snake:2  | Bought a potion of berserk rage for 105 gold pieces
 32416 | Snake:2  | Bought the amulet "Pesaxih" {Acrobat rElec rN+ Int+4} for
                  | 905 gold pieces
 32602 | Snake:2  | Noticed Azrael
 32623 | Snake:2  | Killed Azrael
 32626 | Snake:2  | Found Beerif's Antique Weapon Shop.
 33781 | Snake:3  | Noticed Aizul
 33798 | Snake:3  | Killed Aizul
 33892 | Snake:3  | Noticed Vashnia
 33931 | Snake:3  | Noticed Kirke
 33941 | Snake:3  | Reached XP level 18. HP: 49/124 MP: 27/33
 33942 | Snake:3  | Slain by a naga warrior

Illustrated notes

Levels and vault maps discovered:
D:1:      heliophobic_arrival_battle_scene, layout_basic,
          chequers_ecumenical_altar_island
D:2:      layout_basic, uniq_sigmund
D:3:      layout_basic, uniq_ijyb, uniq_terence, uniq_crazy_yiuf_cottage
D:4:      layout_rooms, lemuel_crystal_altar, minmay_misc_feat_columns
D:5:      layout_basic, eat_drink_and_be_merry_uskayaw, serial_bayou,
          serial_bayou_pond_b, serial_bayou_crossing, serial_bayou_pond_d,
          serial_bayou_pond_b, serial_bayou_pond_a, grunt_decor_fettered
D:6:      kennysheep_housing_project, layout_loops_corners,
          chequers_temple_overflow_minitemple
D:7:      layout_loops_cross, minmay_temple_entry_fiery, st_stairs_7,
          chequers_guarded_unrand_ignorance
D:8:      layout_loops_ring, dpeg_lair_monsters
D:9:      layout_small_grid, nicolae_elyvilon_temple_path,
          trog_three_pillars_becter
D:10:     minmay_stone_box, layout_loops_ring, chequers_garden
D:11:     layout_loops_ring, minmay_protected_statue, uniq_maurice,
          uniq_erolcha, uniq_urug
D:12:     layout_loops_ring, zombieorc2_lemuel
D:13:     layout_small_grid, hangedman_vaults_entry_quadrant_bands,
          amcnicky_mini_corridor_feature, minmay_liquid_box
Temple:   minmay_freezing_vapour_temple
Lair:1:   layout_cave_pods, infiniplex_staircase_pool, lemuel_fruit_tree,
          serial_bayou_shore_a, grunt_megastairs_3
Lair:2:   layout_loops_ring, minmay_snake_entry_spellcaster,
          gauntlet_entry_generic, grunt_megastairs_5, lemuel_fruit_fields,
          infiniplex_staircase_pool_2, uniq_erica
Lair:3:   layout_cave_pods, swamp_mist_pool
Lair:4:   layout_gridlike, minmay_slime_entry_oklob_open
Lair:5:   gammafunk_lair_ancient_temple, layout_layer_cave,
          hellmonk_ghost_happy_afterlife, nicolae_lair_grazing_beasts
          [nicolae_sub_lair_graze_edge, nicolae_sub_lair_graze_edge,
          nicolae_sub_lair_graze_edge, nicolae_sub_lair_graze_edge]
Swamp:1:  layout_basic_swamp, evilmike_swamp_ruin_house_5
Swamp:2:  layout_falls_marsh, evilmike_swamp_ruin_house_2,
          nicolae_swamp_little_swirl, uniq_mlioglotl
Swamp:3:  layout_basic_swamp, evilmike_swamp_ruin_house_1
Swamp:4:  swamp, layout_basic_swamp, swamp_pool1, nicolae_swamp_alligator_family
Snake:1:  layout_onion, drop_trap, nicolae_triple_integral
Snake:2:  layout_layer_cave, serial_shops, nicolae_shop_advertising_works
          [nicolae_subvault_shop_adworks], nicolae_snake_serpentine_bazaar,
          uniq_azrael
Snake:3:  layout_basic, basic_altar, nicolae_snake_lava_pool, uniq_vashnia,
          uniq_aizul, uniq_kirke
Orc:1:    layout_caves, nicolae_volcano_entry_two_sided,
          nicolae_shop_overcharged_wands
Orc:2:    st_orc_open, layout_diamond_mine, uniq_sonja, uniq_saint_roka
Elf:1:    eino_elf_arrival_sip, layout_onion_city,
          kennysheep_underground_church, minmay_shoptagon

Skill      XL: |  1  2  3  4  5  6  7  8  9 10 11 12 13 14 15 16 17 |
---------------+----------------------------------------------------+-----
Fighting       | 9 10 11 13 14 16 17 | 17.7
Maces & Flails | 8 9 10 11 12 | 12.1
Dodging        | 1 2 7 12 | 12.2
Armour         | 4 5 6 8 10 12 13 | 13.3
Shields        | 4 5 |  5.0
Evocations     | 3 4 5 7 9 10 | 10.1
Invocations    | 3 6 8 10 11 13 15 17 | 17.6
Earth Magic    | 3 4 |  4.0
Transmutations | 2 |  2.6

Action                   |  1- 3 |  4- 6 |  7- 9 | 10-12 | 13-15 | 16-18 || total
-------------------------+-------+-------+-------+-------+-------+-------++-------
Melee: Flail             |    72 |   102 |   453 |   477 |       |       ||  1104
       Demon whip        |       |       |       |   209 |   911 |   767 ||  1887
       Unarmed           |       |       |       |       |       |     2 ||     2
Invok: Slouch            |       |       |       |       |     5 |     3 ||     8
 Abil: Evoke Blink       |       |       |       |     1 |     1 |     3 ||     5
Evoke: Wand              |       |       |       |    28 |    11 |     4 ||    43
  Use: Scroll            |     4 |     6 |     9 |     9 |    16 |     5 ||    49
       Potion            |     2 |       |     3 |     4 |     5 |     3 ||    17
 Stab: Paralysed         |       |       |       |    12 |       |       ||    12
       Sleeping          |       |       |       |     1 |     3 |       ||     4
       Invisible         |       |       |       |       |     8 |       ||     8
       Petrified         |       |       |       |       |     3 |       ||     3
Armor: Scale mail        |    10 |       |       |       |       |       ||    10
       Chain mail        |    44 |    68 |   268 |   265 |    56 |   413 ||  1114
       Acid dragon scale |       |       |       |    47 |   283 |       ||   330
Dodge: Dodged            |    27 |    41 |   130 |   308 |   580 |   758 ||  1844
Block: Buckler           |    13 |    19 |    97 |   125 |   242 |   311 ||   807
